 Dungeon Crawl Stone Soup version 0.28.0-53-g5a82cb258f (webtiles) character file.

Game seed: 7907555580931972097

31780 protoss039 the Fighter (level 13, -7/109 HPs)
             Began as a Demonspawn Earth Elementalist on June 15, 2022.
             Was a High Priest of Vehumet.
             Mangled by a cyan ugly thing (13 damage)
             ... on level 13 of the Dungeon.
             The game lasted 00:32:20 (17752 turns).

protoss039 the Fighter (DsEE)                      Turns: 17752, Time: 00:32:20

Health: -7/109     AC: 11    Str: 13    XL:     13   Next: 27%
Magic:  14/36      EV: 12    Int: 20    God:    Vehumet [*****.]
Gold:   817        SH:  0    Dex: 15    Spells: 9/32 levels left

rFire   . . .      SeeInvis +   F - +2 dagger (venom)
rCold   . . .      Faith    .   B - +0 buckler
rNeg    . . .      Spirit   .   w - +0 steam dragon scales
rPois   .          Reflect  .   L - +0 hat {SInv}
rElec   .          Harm     .   J - +0 cloak
rCorr   .          Rampage  .   h - +0 pair of gloves of Imnam {Str+4}
Will    .....                   b - +2 pair of boots
Stlth   +.........              e - amulet of magic regeneration
HPRegen 0.28/turn               p - +4 ring of slaying
MPRegen 0.65/turn               y - ring of magical power

@: confused
A: hooves 2, icemail 1, spiny 1, sturdy frame 3, condensation shield
a: Renounce Religion


You were on level 13 of the Dungeon.
You worshipped Vehumet.
Vehumet was extremely pleased with you.
You visited 2 branches of the dungeon, and saw 15 of its levels.

You collected 892 gold pieces.
You spent 75 gold pieces at shops.

Inventory:

Hand Weapons
 D - a +5 war axe of flaming
 F - a +2 dagger of venom (weapon)
Missiles
 c - 309 stones
 f - 3 throwing nets
Armour
 b - a +2 pair of boots (worn)
 h - the +0 pair of gloves of Imnam (worn) {Str+4}
   (You acquired it on level 4 of the Dungeon)

   Str:       It affects your strength (+4).
 w - +0 steam dragon scales (worn)
 B - a +0 buckler (worn)
 E - a +0 leather armour of cold resistance
 J - a +0 cloak (worn)
 L - a +0 hat of see invisible (worn)
 Q - a +2 leather armour of fire resistance
Magical Staves
 G - a staff of earth
Jewellery
 d - a ring of positive energy
 e - an amulet of magic regeneration (around neck)
 p - a +4 ring of slaying (left hand)
 x - a ring of fire
 y - a ring of magical power (right hand)
 M - a ring of see invisible
 P - a +6 ring of strength
Wands
 o - a wand of paralysis (2)
 u - a wand of iceblast (3)
 K - a wand of mindburst (7)
Scrolls
 a - a scroll of summoning {unknown}
 i - 2 scrolls of fear
 j - 2 scrolls of brand weapon
 r - 6 scrolls of fog
 s - 3 scrolls of blinking
 t - 3 scrolls of teleportation
 C - 2 scrolls of amnesia {unknown}
 H - 2 scrolls of enchant armour {unknown}
Potions
 g - 2 potions of attraction {unknown}
 k - a potion of flight {unknown}
 l - a potion of cancellation {unknown}
 m - a potion of lignification {unknown}
 n - 4 potions of might
 q - a potion of heal wounds {unknown}
 v - 3 potions of degeneration {unknown}
 z - 5 potions of haste
 A - a potion of resistance {unknown}
 I - a potion of experience {unknown}
 N - a potion of mutation {unknown}
 O - a potion of invisibility {unknown}


   Skills:
 * Level 12.4 Fighting
 - Level 3.0 Armour
 - Level 1.7 Dodging
 - Level 1.7 Stealth
 + Level 8.2 Shields
 * Level 10.2 Spellcasting
 + Level 8.8 Conjurations
 - Level 3.0 Transmutations
 + Level 8.6 Earth Magic


You had 9 spell levels left.
You knew the following spells:

 Your Spells              Type           Power      Damage    Failure   Level
a - Sandblast             Erth           90%        2d19      1%          1
b - Passwall              Tmut/Erth      27%        N/A       1%          2
c - Stone Arrow           Conj/Erth      90%        3d12      1%          3
d - Lee's Rapid Deconstr  Erth           22%        3d14*     1%          5
e - Irradiate             Conj/Tmut      16%        3d18      5%          5
f - Olgreb's Toxic Radia  Pois           10%        N/A       21%         4
g - Mephitic Cloud        Conj/Pois/Air  22%        N/A       2%          3

Your spell library contained the following spells:

 Spells                   Type           Power      Damage    Failure   Level
 Poisonous Vapours        Pois/Air       20%        N/A       3%          2
 Sting                    Tmut/Pois      64%        1d6       4%          1
 Frozen Ramparts          Ice            20%        1d4       7%          3
 Inner Flame              Hex/Fire       10%        N/A       7%          3
 Petrify                  Tmut/Erth      33%        N/A       8%          4
 Gell's Gravitas          Tloc           10%        N/A       26%         3
 Lesser Beckoning         Tloc           10%        N/A       26%         3
 Teleport Other           Tloc           10%        N/A       26%         3
 Ice Form                 Ice/Tmut       16%        N/A       41%         4
 Blade Hands              Tmut           11%        N/A       56%         5
 Animate Dead             Necr           5%         N/A       63%         4
 Cause Fear               Hex            5%         N/A       63%         4
 Summon Ice Beast         Ice/Summ       10%        N/A       63%         4
 Dragon Form              Tmut           11%        N/A       100%        7
 Haunt                    Necr/Summ      5%         N/A       100%        7
 Discord                  Hex            5%         N/A       100%        8
 Infestation              Necr           5%         N/A       100%        8


Dungeon Overview and Level Annotations

Branches:
Dungeon (14/15)            Temple (1/1) D:4            Lair (0/6) D:8
    Orc (0/2) D:11         Vaults (0/5) D:13

Altars:
Ashenzari
Cheibriados
Dithmenos
Elyvilon
Fedhas
Gozag
Hepliaklqana
Kikubaaqudgha
Makhleb
Nemelex Xobeh
Okawaru
Qazlal
Ru
Sif Muna
Trog
Uskayaw
Vehumet
Wu Jian
Xom
Yredelemnul
Zin
The Shining One
Beogh
Jiyva

Shops:
D:3 !   D:6 [=   D:7 ?

Portals:
Trove: D:10 (show abyssal rune of Zot)

Annotations:
D:10 2 transporters
D:14 Rupert


Innate Abilities, Weirdness & Mutations

You have hoof-like feet.
A meltable icy envelope protects you from harm. (AC +0)
You are partially covered in sharp spines.
Your movements are significantly less encumbered by armour. (ER -6)
A meltable shield of frost defends you. (SH +0)


Message History

The cyan ugly thing is struck by your spines.
The cyan ugly thing closely misses you.
The deep elf pyromancer casts a spell at you.
The bolt of fire misses you.
You climb upwards.
There is a stone staircase leading down here.
Casting: Sandblast (safe; 1% risk of failure)
Confirm with . or Enter, or press ? or * to list all spells.
Aiming: Stone Arrow (safe; 1% risk of failure)
Press: ? - help, Shift-Dir - straight line, f - cyan ugly thing
Aim: a cyan ugly thing (heavily wounded, 76% to hit)
Okay, then.
Casting: Stone Arrow (safe; 1% risk of failure)
Confirm with . or Enter, or press ? or * to list all spells.
Aiming: Mephitic Cloud (mildly dangerous; 2% risk of failure)
Press: ? - help, Shift-Dir - straight line, f - you That beam is likely to hit you.
Continue anyway?
The ball explodes into a vile cloud!
The stinking cloud engulfs you but does no damage.
The stinking cloud engulfs the cyan ugly thing but does no damage.
The cyan ugly thing is heavily wounded.
The stinking cloud engulfs the deep elf pyromancer but does no damage.
You are engulfed in noxious fumes.
You choke on the stench!
You are confused.
The cyan ugly thing is engulfed in noxious fumes.
The cyan ugly thing is struck by your spines.
The cyan ugly thing trunk-slaps you! The cyan ugly thing shocks you!
* * * LOW HITPOINT WARNING * * *
The deep elf pyromancer is struck by your spines.
The deep elf pyromancer hits you with a +0 rapier.
* * * LOW HITPOINT WARNING * * *
Unknown command.
Unknown command.
Unknown command.
Okay, then.
The cyan ugly thing is engulfed in noxious fumes.
The cyan ugly thing trunk-slaps you!
* * * LOW HITPOINT WARNING * * *
The cyan ugly thing shocks you!
You die...

## #.# ####'#### .# ####.###
#....# '## #......#
####.##### ..#
#......###........# ..#
#####.................#
.)#####.....................#
..'.....###.................#
..####### #.................#
### #.....@○∩.........#
#.....u°§.........#
#.......e......####
#..............#
#..............#
#..............#
################


You could see a cyan ugly thing and a deep elf pyromancer.

Vanquished Creatures
  Gastronok (D:10)
  Snorg (D:11)
  3 centaur warriors
  Erica (D:10)
  3 boulder beetles (D:12)
  2 two-headed ogres
  2 tengu warriors
  Urug (D:13)
  A shadow wraith (D:12)
  An orc knight (D:13)
  A deep elf archer (D:13)
  A deep elf pyromancer (D:11)
  2 cyclopes
  3 manticores
  5 ugly things
  An elephant (D:8)
  Joseph (D:10)
  Maurice (D:9)
  Maggie (D:7)
  2 unseen horrors
  2 tengu conjurers
  A hornet (D:9)
  Grinder (D:6)
  7 trolls
  3 wraiths
  A water elemental (D:13)
  3 shadows
  9 yaks (D:12)
  2 wyverns
  16 humans (D:13)
  Grum (D:8)
  2 basilisks (D:8)
  10 vampire mosquitoes
  2 steam dragons
  Menkaure (D:6)
  2 sky beasts
  7 orc warriors
  2 ice beasts (D:6)
  A necrophage (D:7)
  3 ogres
  2 phantoms
  2 wolves (D:8)
  3 centaurs
  2 kobold brigands
  Blork the orc (D:6)
  4 bullfrogs
  2 gnoll sergeants
  3 scorpions
  9 killer bees
  3 wights (D:8)
  An electric eel (D:13)
  4 howler monkeys
  7 centaur zombies
  A bullfrog zombie (D:5)
  A gnoll shaman (D:5)
  14 orc priests
  5 hounds
  2 jellies
  An iguana (D:5)
  11 orc wizards
  2 howler monkey zombies
  16 gnolls
  A howler monkey skeleton (D:5)
  4 adders
  3 shadow imps
  2 ufetubi
  An adder skeleton (D:4)
  2 worms (D:2)
  5 dart slugs
  46 orcs
  8 ball pythons
  5 endoplasms
  3 giant cockroaches
  17 goblins
  7 hobgoblins
  5 quokkas
  5 bats
  5 frilled lizards
  11 kobolds
  8 rats
344 creatures vanquished.

Vanquished Creatures (others)
  2 fungi
  A plant (D:8)
3 creatures vanquished.

Grand Total: 347 creatures vanquished

Notes
Turn   | Place    | Note
-------+----------+-------------------------------------------
     0 | D:1      | protoss039 the Demonspawn Earth Elementalist began the
                  | quest for the Orb.
     0 | D:1      | Reached XP level 1. HP: 13/13 MP: 3/3
    34 | D:1      | Reached skill level 1 in Transmutations
   362 | D:1      | Gained mutation: Your movements are slightly less
                  | encumbered by armour. (ER -2) [demonic ancestry]
   362 | D:1      | Reached XP level 2. HP: 20/20 MP: 1/5
   454 | D:1      | Reached skill level 1 in Fighting
   932 | D:1      | Gained mutation: Your movements are less encumbered by
                  | armour. (ER -4) [demonic ancestry]
   932 | D:1      | Reached XP level 3. HP: 26/26 MP: 3/6
  1324 | D:1      | Learned a level 2 spell: Passwall
  1328 | D:1      | Learned a level 3 spell: Stone Arrow
  1331 | D:2      | Reached skill level 1 in Armour
  1900 | D:2      | Found a shimmering blue altar of Sif Muna.
  2227 | D:2      | Found a faded altar of an unknown god.
  2732 | D:2      | Gained mutation: A meltable shield of frost defends you.
                  | (SH +0) [demonic ancestry]
  2732 | D:2      | Reached XP level 4. HP: 33/33 MP: 5/7
  2742 | D:2      | Reached skill level 2 in Fighting
  2742 | D:2      | Reached skill level 1 in Conjurations
  3552 | D:3      | Found Huor's Distillery.
  3556 | D:3      | Bought a potion of curing for 36 gold pieces
  3566 | D:3      | Reached XP level 5. HP: 39/39 MP: 7/9
  3770 | D:4      | Noticed an ogre
  3772 | D:4      | Noticed a centaur
  3789 | D:3      | Killed an ogre
  3790 | D:3      | Reached skill level 1 in Shields
  3868 | D:4      | Killed a centaur
  3869 | D:4      | Reached skill level 3 in Fighting
  3869 | D:4      | Reached XP level 6. HP: 29/47 MP: 7/10
  3872 | D:4      | Identified a scroll of acquirement
  3873 | D:4      | Acquired the +0 pair of gloves of Imnam {Str+4}
  4271 | D:4      | Found a staircase to the Ecumenical Temple.
  4377 | Temple   | Entered the Ecumenical Temple
  4490 | Temple   | Became a worshipper of Vehumet
  5338 | D:5      | Entered Level 5 of the Dungeon
  5352 | D:4      | Gained mutation: You are partially covered in sharp spines.
                  | [demonic ancestry]
  5352 | D:4      | Reached XP level 7. HP: 13/52 MP: 3/11
  5756 | D:5      | Reached * piety under Vehumet
  5756 | D:5      | Offered knowledge of Freeze by Vehumet.
  5942 | D:5      | Reached skill level 4 in Fighting
  6833 | D:6      | Found a sacrificial altar of Ru.
  7000 | D:6      | Gained mutation: You have large cloven feet. [demonic
                  | ancestry]
  7000 | D:6      | Reached XP level 8. HP: 52/61 MP: 4/13
  7096 | D:6      | Reached ** piety under Vehumet
  7096 | D:6      | Offered knowledge of Scorch by Vehumet.
  7167 | D:6      | Reached skill level 5 in Fighting
  7198 | D:6      | Found Wyufeok's Jewellery Boutique.
  7266 | D:6      | Noticed Menkaure
  7271 | D:6      | Killed Menkaure
  7500 | D:6      | Noticed Blork the orc
  7504 | D:6      | Killed Blork the orc
  7886 | D:6      | Reached skill level 6 in Fighting
  7897 | D:6      | Noticed Grinder
  7904 | D:6      | Killed Grinder
  7905 | D:6      | Reached XP level 9. HP: 66/69 MP: 2/15
  7960 | D:6      | Found Estonala's Armour Boutique.
  8255 | D:7      | Found Siylam's Magic Scroll Boutique.
  8260 | D:7      | Reached skill level 5 in Earth Magic
  8305 | D:7      | Found a sparkling altar of Nemelex Xobeh.
  8305 | D:7      | Found a snail-covered altar of Cheibriados.
  8306 | D:7      | Bought a scroll of teleportation for 39 gold pieces
  8334 | D:7      | Noticed Maggie
  8341 | D:7      | Killed Maggie
  8348 | D:7      | Reached skill level 7 in Fighting
  8348 | D:7      | Reached skill level 5 in Spellcasting
  8728 | D:6      | HP: 3/72 [poisoned by a killer bee]
  9128 | D:7      | Reached skill level 5 in Shields
  9128 | D:7      | Reached skill level 5 in Conjurations
  9470 | D:8      | Noticed a two-headed ogre
  9479 | D:8      | Killed a two-headed ogre
  9486 | D:8      | Reached skill level 8 in Fighting
  9486 | D:8      | Gained mutation: Your movements are significantly less
                  | encumbered by armour. (ER -6) [demonic ancestry]
  9486 | D:8      | Reached XP level 10. HP: 34/80 MP: 7/18
  9866 | D:8      | Offered knowledge of Mephitic Cloud by Vehumet.
  9893 | D:8      | Learned a level 3 spell: Mephitic Cloud
  9896 | D:8      | Noticed an elephant
 10209 | D:8      | Noticed Grum
 10219 | D:8      | Killed Grum
 10512 | D:8      | Reached *** piety under Vehumet
 10810 | D:8      | Found a bloodstained altar of Trog.
 10905 | D:8      | Found a staircase to the Lair.
 11015 | D:8      | Learned a level 4 spell: Olgreb's Toxic Radiance
 11146 | D:9      | Reached skill level 9 in Fighting
 11216 | D:9      | Offered knowledge of Hailstorm by Vehumet.
 11422 | D:8      | Killed an elephant
 11852 | D:9      | Noticed a brown ugly thing
 11857 | D:9      | Killed a brown ugly thing
 12045 | D:9      | Noticed a manticore
 12050 | D:9      | Killed a manticore
 12051 | D:9      | Gained mutation: You have hoof-like feet. [demonic
                  | ancestry]
 12051 | D:9      | Reached XP level 11. HP: 89/89 MP: 21/21
 12091 | D:9      | Noticed Maurice
 12097 | D:9      | Killed Maurice
 12288 | D:10     | Entered Level 10 of the Dungeon
 12596 | D:10     | Noticed Joseph
 12596 | D:10     | Noticed a centaur warrior
 12603 | D:10     | Killed a centaur warrior
 12604 | D:10     | Noticed Erica
 12609 | D:10     | Killed Joseph
 12614 | D:10     | Killed Erica
 12780 | D:10     | Reached skill level 10 in Fighting
 12969 | D:10     | Reached **** piety under Vehumet
 13040 | D:10     | Found a viscous altar of Jiyva.
 13321 | D:10     | Found a portal to a secret trove of treasure.
 13326 | D:10     | Found a transporter.
 13330 | D:10     | Noticed Gastronok
 13333 | D:10     | Found a transporter.
 13426 | D:10     | Noticed a great orb of eyes
 13493 | D:10     | Killed Gastronok
 13709 | D:11     | Noticed Snorg
 13716 | D:11     | Killed Snorg
 13720 | D:10     | Offered knowledge of Fulminant Prism by Vehumet.
 13766 | D:11     | Noticed a red ugly thing
 13815 | D:11     | Killed a red ugly thing
 14188 | D:11     | Noticed a deep elf pyromancer
 14193 | D:11     | Killed a deep elf pyromancer
 14197 | D:11     | Found a staircase to the Orcish Mines.
 14310 | D:11     | Gained mutation: A meltable icy envelope protects you from
                  | harm. (AC +0) [demonic ancestry]
 14310 | D:11     | Reached XP level 12. HP: 66/99 MP: 24/24
 14463 | D:11     | Reached skill level 11 in Fighting
 14900 | D:11     | Learned a level 5 spell: Irradiate
 15082 | D:12     | Reached ***** piety under Vehumet
 15082 | D:12     | Offered knowledge of Lee's Rapid Deconstruction by Vehumet.
 15089 | D:12     | Learned a level 5 spell: Lee's Rapid Deconstruction
 15182 | D:12     | Noticed a boulder beetle
 15191 | D:12     | Killed a boulder beetle
 15232 | D:12     | Noticed a boulder beetle
 15264 | D:12     | Killed a boulder beetle
 15757 | D:12     | Noticed a boulder beetle
 15774 | D:12     | Killed a boulder beetle
 16002 | D:13     | Noticed a two-headed ogre
 16002 | D:13     | Noticed a centaur warrior
 16002 | D:13     | Noticed a tengu warrior
 16002 | D:13     | Found a gate to the Vaults.
 16007 | D:13     | HP: 3/101 [shadow wraith (20)]
 16516 | D:13     | Noticed a centaur warrior
 16522 | D:13     | Killed a centaur warrior
 16556 | D:13     | Killed a two-headed ogre
 16567 | D:13     | Killed a tengu warrior
 16577 | D:13     | Killed a centaur warrior
 16578 | D:13     | Reached skill level 12 in Fighting
 16739 | D:13     | Reached XP level 13. HP: 99/108 MP: 9/26
 17146 | D:13     | Noticed Urug
 17152 | D:13     | Killed Urug
 17153 | D:13     | Reached skill level 10 in Spellcasting
 17741 | D:14     | Noticed Rupert
 17752 | D:13     | Mangled by a cyan ugly thing

Illustrated notes

Levels and vault maps discovered:
D:1:      dpeg_arrival_tiny_f, layout_loops_ring, palyth_stone_intersect,
          minivault_5, st_stairs_9
D:2:      layout_basic, basic_altar, basic_ecumenical_altar
D:3:      layout_basic, serial_shops, nicolae_diamond_shop,
          minmay_increasing_density
D:4:      layout_cave_pools, minmay_temple_entry_mist
D:5:      layout_basic
D:6:      layout_loops_corners, nicolae_ru_sacrificial_ziggurat, serial_shops,
          kennysheep_mini, nicolae_take_the_stairs, uniq_menkaure, uniq_grinder,
          uniq_blork_the_orc
D:7:      layout_gridville, chequers_temple_overflow_statue_of_worship,
          serial_shops, nicolae_shop_trees, uniq_maggie
D:8:      layout_basic, marbit_many_paths, david_lair_generic, uniq_grum
D:9:      layout_basic, wad_mini_maze, uniq_maurice
D:10:     gammafunk_jiyva_shrine, layout_cave_pods, enter_trove_6,
          serial_column_ruins, column_ruins_hut, column_ruins_open_small,
          column_ruins_columns_corner, column_ruins_grid_1, st_stairs_13,
          fungi_pond_lemuel, uniq_gastronok, uniq_erica, uniq_joseph
D:11:     layout_loops_ring, minmay_orc_entry_temple_small, uniq_snorg
D:12:     layout_layer_cave
D:13:     layout_roguey, david_vaults_3, minivault_4, uniq_urug
D:14:     gammafunk_cloud_chamber, layout_long_grid,
          nicolae_dithmenos_through_a_glass_darkly, gauntlet_entry_generic,
          uniq_rupert
Temple:   mainiacjoe_temple_coin_purse

Skill      XL: |  1  2  3  4  5  6  7  8  9 10 11 12 13 |
---------------+----------------------------------------+-----
Transmutations | 1 3 |  3.0
Fighting       | 1 2 3 4 6 8 9 10 12 | 12.4
Armour         | 1 2 3 |  3.0
Earth Magic    | 3 4 5 6 7 8 |  8.6
Conjurations   | 1 2 3 4 5 6 7 8 |  8.8
Shields        | 1 2 3 4 5 6 7 8 |  8.2
Spellcasting   | 3 4 5 6 8 9 10 | 10.2
Dodging        | |  1.7
Stealth        | |  1.7

Action                   |  1- 3 |  4- 6 |  7- 9 | 10-12 | 13-15 || total
-------------------------+-------+-------+-------+-------+-------++-------
Melee: Club              |    82 |    54 |     2 |       |       ||   138
       Punch             |     2 |       |       |     2 |       ||     4
       Spear             |       |       |     1 |       |       ||     1
       War axe           |       |       |     8 |    35 |       ||    43
       Kick              |       |       |     7 |     8 |       ||    15
       Dagger            |       |       |       |    28 |    27 ||    55
 Cast: Sandblast         |    50 |    38 |    38 |    29 |     5 ||   160
       Stone Arrow       |     1 |    32 |   106 |   274 |    44 ||   457
       Mephitic Cloud    |       |       |       |    34 |     7 ||    41
       Olgreb's Toxic Ra |       |       |       |     5 |       ||     5
       Irradiate         |       |       |       |     2 |     1 ||     3
Evoke: Wand              |       |       |       |     3 |       ||     3
  Use: Scroll            |       |     7 |     4 |     9 |     1 ||    21
       Potion            |       |       |     1 |     5 |       ||     6
 Stab: Sleeping          |     3 |     4 |       |       |       ||     7
       Confused          |       |       |       |     4 |       ||     4
Armor: Robe              |    41 |    14 |     6 |       |       ||    61
       Steam dragon scal |       |       |     1 |    66 |    15 ||    82
Dodge: Dodged            |    79 |    78 |    52 |   103 |    19 ||   331
Block: Kite shield       |     3 |       |       |       |       ||     3
       Other             |       |    23 |    23 |     3 |       ||    49
       Buckler           |       |       |       |    94 |    25 ||   119
